 Dungeon Crawl Stone Soup version 0.25.1-1-g288607f5aa (webtiles) character file.

Game seed: 16808380279416882215

2660 BledDest the Covert (level 9, -14/68 HPs)
             Began as a Naga Venom Mage on July 28, 2020.
             Was a Believer of Dithmenos.
             Demolished by a two-headed ogre
             ... wielding a +0 giant club
              (16 damage)
             ... on level 7 of the Dungeon.
             The game lasted 00:26:31 (6285 turns).

BledDest the Covert (Naga Venom Mage)               Turns: 6285, Time: 00:26:31

Health: -14/68     AC: 11    Str: 11    XL:     9   Next: 63%
Magic:  0/14       EV:  9    Int: 18    God:    Dithmenos [**....]
Gold:   18         SH:  4    Dex: 12    Spells: 4/15 levels left

rFire    . . .     SeeInvis +   b - +0 dagger
rCold    . . .     Gourm    .   o - +0 buckler
rNeg     . . .     Faith    .   q - +0 troll leather armour {Purgy}
rPois    +         Spirit   .   D - +0 helmet
rElec    .         Reflect  .   (no cloak)
rCorr    .         Harm     .   j - +0 pair of gloves
MR       +....                  (no barding)
Stlth    +++++++...             (no amulet)
HPRegen  0.61/turn              C - +4 ring of protection
MPRegen  0.14/turn              (no ring)

@: wreathed by umbra, very slow
A: large, see invisible, deformed body, poison resistance, slowness 2, slow
metabolism 1, spit poison 1, AC +3
a: Spit Poison, Shadow Step, Renounce Religion


You were on level 7 of the Dungeon.
You worshipped Dithmenos.
Dithmenos was pleased with you.
You were not hungry.

You visited 1 branch of the dungeon, and saw 7 of its levels.
You also visited: Sewer.

You collected 278 gold pieces.
You spent 260 gold pieces at shops.

Inventory:

Hand Weapons
 b - a +0 dagger (weapon)
Missiles
 r - 15 poisoned darts (quivered)
 t - 59 stones
Armour
 a - a +0 robe
 j - a +0 pair of gloves (worn)
 o - a +0 buckler (worn)
 q - a +0 troll leather armour (worn) {Purgy}
 D - a +0 helmet (worn)
Magical Staves
 F - an uncursed staff of air
Jewellery
 C - a +4 ring of protection (left hand)
Wands
 z - a wand of random effects (7)
 E - a wand of polymorph (9)
Scrolls
 e - 2 scrolls of fog
 f - 4 scrolls of remove curse
 h - a scroll of teleportation
 k - a scroll of magic mapping {unknown}
 m - a scroll of enchant weapon {unknown}
 u - a scroll of fear {unknown}
 x - a scroll of random uselessness {unknown}
 y - a scroll of enchant armour {unknown}
Potions
 d - a potion of might
 g - 5 potions of lignification
 i - 4 potions of curing
 l - 5 potions of flight
 n - a potion of heal wounds
 v - 2 potions of mutation
 w - a potion of berserk rage
 A - a potion of magic {unknown}
 G - 2 potions of stabbing
Comestibles
 c - 6 rations


   Skills:
 + Level 2.9 Armour
 - Level 1.5 Dodging
 * Level 14.2 Stealth
 - Level 2.4 Shields
 + Level 3.9 Spellcasting
 - Level 1.0 Transmutations
 + Level 8.8 Poison Magic


You had 4 spell levels left.
You knew the following spells:

 Your Spells              Type           Power        Failure   Level  Hunger
a - Sting                 Tmut/Pois      ###.         2%          1    None
b - Mephitic Cloud        Conj/Pois/Air  ##......     17%         3    ###....
c - Ignite Poison         Fire/Tmut/Pois ###.....     14%         3    ###....
d - Olgreb's Toxic Radia  Pois           #####...     4%          4    ####...

Your spell library contained the following spells:

 Spells                   Type           Power        Failure   Level  Hunger
 Poisonous Vapours        Pois/Air       ###...       4%          2    ##.....


Dungeon Overview and Level Annotations

Branches:
Dungeon (7/15)             Temple (0/1) D:6           Sewer (visited)

Altars:
Dithmenos
Elyvilon
Makhleb
Nemelex Xobeh
Sif Muna

Shops:
D:6 %*:!


Innate Abilities, Weirdness & Mutations

You cannot wear boots.
Your serpentine skin is tough. (AC +3)
You have supernaturally acute eyesight. (SInv)
Armour fits poorly on your strangely shaped body.
Your system is resistant to poisons. (rPois)
You cover ground very slowly.
You have a slow metabolism.
You can spit poison.


Message History

The two-headed ogre hits you but does no damage.
The two-headed ogre hits you with a +0 giant spiked club!!
You hit the two-headed ogre but do no damage.
The two-headed ogre is almost dead.
The two-headed ogre hits you with a +0 giant club!!
* * * LOW HITPOINT WARNING * * *
You block the two-headed ogre's attack.
Casting: Sting (safe; 2% risk of failure)
Confirm with . or Enter, or press ? or * to list all spells.
Aiming: Mephitic Cloud (dangerous; 17% risk of failure)
Press: ? - help, Shift-Dir - straight line, f/p - two-headed ogre
Aim: a two-headed ogre, wielding a +0 giant club and a +0 giant spiked club (almost dead, poisoned, umbra)
The ball explodes into a vile cloud!
The stinking cloud engulfs the two-headed ogre but does no damage.
The two-headed ogre is almost dead.
The stinking cloud engulfs you but does no damage.
You have got your breath back.
The two-headed ogre is engulfed in noxious fumes.
The two-headed ogre hits you with a +0 giant club!
You die...

.......5..#......#
.......#..+......#
.......#..##.....#
#'#<...#..##...>.#
..#....#.........#
..#....#.........#
..'....#.......○○#
###....#..##..○O☼#
#....#..##....@#
..#...†#.........#
..'....)........##
###..%.#..##....##
.....####+##.....#
$....# #.....#
.....# #.....#
.....+ #.....#
.....# #######


You could see a two-headed ogre (poisoned).

Vanquished Creatures
  An ugly thing (D:7)
  Menkaure (D:4)
  Duvessa (D:6)
  Purgy (Sewer)
  An orc warrior (D:7)
  2 sky beasts (D:6)
  3 ogres
  A phantom (D:6)
  2 centaurs
  2 bullfrogs
  Dowan (D:6)
  3 scorpions (D:6)
  3 killer bees (D:7)
  3 howler monkeys (D:4)
  A centaur zombie (D:6)
  4 crimson imps
  A jelly (D:5)
  3 hounds
  A gnoll shaman (D:6)
  3 iguanas
  3 worker ants
  11 adders
  5 gnolls (D:6)
  A shadow imp (D:7)
  An adder skeleton (D:5)
  An adder zombie (D:2)
  3 worms
  2 dart slugs (D:1)
  7 leopard geckos
  9 orcs
  2 ball pythons
  11 giant cockroaches
  4 goblins
  8 hobgoblins
  12 jackals
  6 kobolds
  5 quokkas
  13 bats
  4 frilled lizards
  A jackal zombie (D:6)
  A quokka skeleton (D:4)
  A quokka zombie (D:5)
  2 rats
151 creatures vanquished.

Notes
Turn   | Place    | Note
-------+----------+-------------------------------------------
     0 | D:1      | BledDest the Naga Venom Mage began the quest for the Orb.
     0 | D:1      | Reached XP level 1. HP: 15/15 MP: 3/3
    61 | D:1      | Reached skill level 4 in Stealth
    61 | D:1      | Reached XP level 2. HP: 17/22 MP: 1/5
   501 | D:1      | Reached skill level 5 in Stealth
   735 | D:1      | Reached XP level 3. HP: 20/28 MP: 6/6
  1265 | D:2      | Reached skill level 6 in Stealth
  1442 | D:2      | Reached XP level 4. HP: 36/36 MP: 7/7
  1755 | D:2      | Found a burning altar of Makhleb.
  1757 | D:2      | Found a sparkling altar of Nemelex Xobeh.
  1867 | D:2      | Found a shadowy altar of Dithmenos.
  1871 | D:2      | Became a worshipper of Dithmenos the Shadowed
  1875 | D:2      | Found a shimmering blue altar of Sif Muna.
  1878 | D:2      | Found a white marble altar of Elyvilon.
  1901 | D:2      | Reached skill level 7 in Stealth
  1906 | D:2      | Learned a level 3 spell: Mephitic Cloud
  2348 | D:3      | Found a glowing drain.
  2366 | Sewer    | Entered a sewer
  2429 | Sewer    | Noticed Purgy
  2445 | Sewer    | Killed Purgy
  2445 | Sewer    | Reached skill level 8 in Stealth
  2445 | Sewer    | Reached XP level 5. HP: 41/42 MP: 1/8
  2672 | D:3      | Reached skill level 5 in Poison Magic
  2688 | D:3      | Reached XP level 6. HP: 43/49 MP: 9/9
  3050 | D:4      | Noticed Menkaure
  3074 | D:3      | Reached skill level 9 in Stealth
  3155 | D:4      | Learned a level 3 spell: Ignite Poison
  3519 | D:4      | HP: 1/49 [Menkaure (13)]
  3520 | D:4      | Killed Menkaure
  3520 | D:4      | Reached skill level 10 in Stealth
  3715 | D:4      | Reached XP level 7. HP: 55/55 MP: 6/10
  3717 | D:4      | Reached * piety under Dithmenos
  3741 | D:4      | Reached skill level 1 in Shields
  4088 | D:5      | Entered Level 5 of the Dungeon
  4133 | D:5      | Reached skill level 11 in Stealth
  4186 | D:5      | Reached XP level 8. HP: 55/62 MP: 4/11
  4546 | D:5      | Learned a level 4 spell: Olgreb's Toxic Radiance
  4825 | D:6      | Reached skill level 12 in Stealth
  5137 | D:6      | Found Redaan's Book Boutique.
  5165 | D:6      | Reached skill level 1 in Armour
  5291 | D:6      | Found a staircase to the Ecumenical Temple.
  5311 | D:6      | Noticed Dowan
  5316 | D:6      | Noticed Duvessa
  5340 | D:6      | Killed Dowan
  5343 | D:6      | Killed Duvessa
  5348 | D:6      | Reached skill level 13 in Stealth
  5483 | D:6      | Reached XP level 9. HP: 68/68 MP: 1/13
  5483 | D:6      | Reached ** piety under Dithmenos
  5605 | D:6      | Found Utagal's Food Shoppe.
  5956 | D:6      | Found Ifuwon's Distillery.
  5964 | D:6      | Bought a potion of curing for 30 gold pieces
  5964 | D:6      | Bought a potion of stabbing for 40 gold pieces
  5964 | D:6      | Bought a potion of heal wounds for 50 gold pieces
  5964 | D:6      | Bought a potion of degeneration for 10 gold pieces
  5964 | D:6      | Bought a potion of flight for 30 gold pieces
  5964 | D:6      | Bought 2 potions of lignification for 60 gold pieces
  5964 | D:6      | Bought a potion of might for 40 gold pieces
  5971 | D:6      | Found Ixkaithro's General Store.
  6102 | D:7      | Noticed a cyan ugly thing
  6110 | D:7      | Noticed a two-headed ogre
  6133 | D:7      | Killed a purple ugly thing
  6133 | D:7      | Reached skill level 14 in Stealth
  6283 | D:7      | HP: 1/68 [two-headed ogre/+0 giant club (24)]
  6285 | D:7      | Demolished by a two-headed ogre

Illustrated notes

Levels and vault maps discovered:
D:1:      lightli_arrival_statue_moat, layout_rooms, amethyst_killhole,
          minmay_pentomino_t4
D:2:      layout_loops_ring, grunt_temple_overflow_diamond,
          grunt_temple_overflow_open
D:3:      layout_loops_ring, gup_sewer_entry_pipe
D:4:      layout_loops_ring, first_ration, minmay_three_crescents, uniq_menkaure
D:5:      layout_basic
D:6:      layout_loops_ring, minmay_temple_entry_from_below_a, serial_shops,
          shop_fountains, nicolae_shop_waterfront, shop,
          nicolae_shop_behind_doors, uniq_duvessa
D:7:      layout_gridville, basic_altar, grunt_ogre_cave,
          minmay_chambers_of_fives, uniq_joseph

Skill      XL: |  1  2  3  4  5  6  7  8  9 |
---------------+----------------------------+-----
Stealth        | 4 5 6 8 10 11 13 14 | 14.2
Poison Magic   | 5 6 7 8 |  8.8
Shields        | 1 2 |  2.4
Armour         | 1 2 |  2.9
Spellcasting   | 3 |  3.9
Dodging        | |  1.5
Transmutations | |  1.0

Action                   |  1- 3 |  4- 6 |  7- 9 || total
-------------------------+-------+-------+-------++-------
Melee: Dagger            |    91 |   274 |   377 ||   742
 Cast: Sting             |    17 |    30 |    46 ||    93
       Mephitic Cloud    |       |     5 |    19 ||    24
       Ignite Poison     |       |     3 |     7 ||    10
       Olgreb's Toxic Ra |       |       |     3 ||     3
 Abil: Spit Poison       |       |     1 |     2 ||     3
  Use: Scroll            |       |       |     7 ||     7
       Potion            |       |       |     3 ||     3
 Stab: Sleeping          |     7 |    16 |    10 ||    33
       Confused          |       |     2 |     8 ||    10
       Distracted        |       |       |     1 ||     1
  Eat: Chunk             |     1 |     8 |     3 ||    12
       Ration            |       |       |     3 ||     3
Armor: Robe              |    20 |    48 |       ||    68
       Troll leather arm |       |    62 |   158 ||   220
Dodge: Dodged            |    50 |   155 |   198 ||   403
Block: Buckler           |       |     1 |    57 ||    58
